 Dungeon Crawl Stone Soup version 0.31-a0-716-gc7603755dd (webtiles) character file.

Game seed: 2745813203485975358

16 Essalna the Conjurer (level 2, 0/19 HPs)
             Began as a Demonspawn Conjurer on Sept 10, 2023.
             Slain by a jackal (1 damage)
             ... on level 2 of the Dungeon.
             The game lasted 00:01:05 (608 turns).

Essalna the Conjurer (Demonspawn Conjurer)           Turns: 608, Time: 00:01:05

Health: 0/19       AC:  2    Str:  7    XL:     2   Next: 41%
Magic:  5/5        EV: 12    Int: 19    God:
Gold:   11         SH:  0    Dex: 11    Spells: 5/6 levels left

rFire   . . .        f - +0 dagger
rCold   . . .        (no shield)
rNeg    . . .        a - +0 robe
rPois   .            (helmet restricted)
rElec   .            (no cloak)
rCorr   .            (no gloves)
SInv    .            (no boots)
Will    .....        (no amulet)
Stlth   ++           (no ring)
HPRegen 0.23/turn    (no ring)
MPRegen 0.09/turn

%: no passive effects
@: no status effects
A: antennae 1
a: no special abilities


You were on level 2 of the Dungeon.
You visited 1 branch of the dungeon, and saw 2 of its levels.

You collected 11 gold pieces.

Inventory:

Hand Weapons
 f - a +0 dagger (weapon)
Armour
 a - a +0 robe (worn)
Scrolls
 d - a scroll of fear {unknown}
 e - a scroll of identify {unknown}
Potions
 b - a potion of magic
 c - a potion of degeneration {unknown}


   Skills:
 - Level 1.7 Dodging
 - Level 1.7 Stealth
 + Level 2.5 Spellcasting
 + Level 4.3 Conjurations


You had 5 spell levels left.
You knew the following spells:

 Your Spells              Type           Power      Damage    Failure   Level
a - Magic Dart            Conj           72%        1d6       2%          1

Your spell library contained the following spells:

 Spells                   Type           Power      Damage    Failure   Level
 Searing Ray              Conj           36%        2d5       4%          2
 Apportation              Tloc           4%         N/A       16%         1
 Dazzling Flash           Conj/Hex       20%        N/A       21%         3
 Jinxbite                 Hex            4%         N/A       24%         2
 Fulminant Prism          Conj/Hex       5%         3d6       54%         4
 Iskenderun's Mystic Bla  Conj/Tloc      10%        2d4       54%         4
 Alistair's Intoxication  Tmut/Pois      1%         N/A       99%         5


Dungeon Overview and Level Annotations

Branches:
Dungeon (1/15)

Altars:


Innate Abilities, Weirdness & Mutations

You have a pair of small antennae on your head.


Message History

The giant cockroach bites you but does no damage.
You hit the giant cockroach but do no damage.
The giant cockroach is severely wounded.
The giant cockroach bites you.
You hit the giant cockroach.
The giant cockroach is almost dead.
The giant cockroach bites you.
You hit the giant cockroach.
You kill the giant cockroach!
You see here a giant cockroach corpse.
A jackal comes into view.
Found a stone staircase leading up.
The jackal barks!
You hear a bark! x2
A jackal comes into view. x2
The jackal moves out of view.
The jackal closely misses you. The jackal barely misses you.
The jackal closely misses you. x2; The jackal bites you.
The jackal barely misses you. The jackal bites you.
The jackal barely misses you.
The jackal misses you. x2; The jackal bites you. x2
The jackal barely misses you. The jackal bites you.
The jackal barely misses you. The jackal bites you. x2
The jackal barely misses you. The jackal bites you.
The jackal bites you but does no damage.
The jackal closely misses you. x2; The jackal bites you.
The jackal closely misses you.
The jackal bites you but does no damage.
The jackal closely misses you.
The jackal barely misses you. x2; The jackal bites you.
* * * LOW HITPOINT WARNING * * *
The jackal bites you but does no damage.
The jackal bites you.
* * * LOW HITPOINT WARNING * * *
The jackal closely misses you. x2; The jackal misses you.
The jackal barely misses you. The jackal bites you.
* * * LOW HITPOINT WARNING * * *
The jackal bites you.
You die...

###.# ..# # ##...#
..# # ....####
##... #..<.#..
..#.# #......#
#.#.# #...#.# #.#.#
#hh##.#######.#.#
#h@.............###
##.##.#######.#...#
#.##.# #.###..
#.##.. ..# ##.
#.##### #### ## #.#
#.# #.#


You could see 3 jackals.

Vanquished Creatures
  An adder (D:2)
  2 ball pythons (D:1)
  A bat (D:1)
  A giant cockroach (D:2)
  A hobgoblin (D:1)
  A kobold (D:1)
  A rat (D:1)
8 creatures vanquished.

Notes
Turn   | Place    | Note
-------+----------+-------------------------------------------
     0 | D:1      | Essalna the Demonspawn Conjurer began the quest for the
                  | Orb.
     0 | D:1      | Reached XP level 1. HP: 13/13 MP: 3/3
   412 | D:1      | You fall into a shaft and drop 1 floor!
   426 | D:2      | Gained mutation: You have a pair of small antennae on your
                  | head. [demonic ancestry]
   426 | D:2      | Reached XP level 2. HP: 19/19 MP: 0/5
   608 | D:2      | Slain by a jackal

Illustrated notes

Levels and vault maps discovered:
D:1:      minmay_arrival_wavy_path, layout_basic, minmay_misc_feat_chi
D:2:      layout_loops_corners, minmay_misc_feat_encased, chequers_arboretum

Action                     || total
---------------------------++-------
  Melee: Dagger            ||    20
         Unarmed           ||     1
         Punch             ||     1
   Cast: Magic Dart        ||    16
 Armour: Robe              ||    48
  Dodge: Dodged            ||    63

Table legend: (Time is in decaauts)
 A = Elapsed time spent in this place.
 B = Non-inter-level travel time spent in this place.
 C = Inter-level travel time spent in this place.
 D = Time resting spent in this place.
 E = Time spent auto-exploring this place.
 F = Levels seen in this place.
 G = Mean time per level.
                   A        B        C        D        E       F      G
               +--------+--------+--------+--------+--------+-----+--------+
         Total |    607 |    607 |      0 |      0 |    413 |   2 |  303.5 |
       Dungeon |    607 |    607 |      0 |      0 |    413 |   2 |  303.5 |
               +--------+--------+--------+--------+--------+-----+--------+

Top non-repeatable levels by time:
     D:1: 411 daAuts
     D:2: 195 daAuts
